 Dungeon Crawl Stone Soup version 0.20-a0-351-gc9b4002 (webtiles) character file.

49 Ijustatesigmund the Chopper (level 3, -3/33 HPs)
             Began as a Hill Orc Monk on Dec 25, 2016.
             Slain by a goblin
             ... wielding a +0 club
             ... led by Robin
              (9 damage)
             ... on level 2 of the Dungeon.
             The game lasted 00:02:34 (1164 turns).

Ijustatesigmund the Chopper (Hill Orc Monk)         Turns: 1164, Time: 00:02:38

Health: -3/33      AC:  2    Str: 13    XL:     3   Next: 75%
Magic:  3/3        EV: 12    Int: 10    God:
Gold:   20         SH:  0    Dex: 12    Spells: 2/2 levels left

rFire  . . .     SeeInvis .     a - +0 hand axe
rCold  . . .     Gourm    .     h - +0 robe
rNeg   + . .     Faith    .     (no shield)
rPois  .         Spirit   .     (no helmet)
rElec  .         Reflect  .     (no cloak)
rCorr  .         Harm     .     (no gloves)
MR     .....                    (no boots)
Stlth  ++........               (no amulet)
                                (no ring)
                                e - ring of positive energy

@: no status effects
A: claws 1, clumsy 1
a: no special abilities


You were on level 2 of the Dungeon.
You were not hungry.

You visited 1 branch of the dungeon, and saw 2 of its levels.

You collected 20 gold pieces.

Inventory:

Hand Weapons
 a - a +0 hand axe (weapon)
Armour
 h - a +0 robe (worn)
Jewellery
 e - a ring of positive energy (left claw)
Potions
 g - a potion of cancellation {unknown}
Comestibles
 b - 2 beef jerkies
 c - 4 bread rations
 d - a royal jelly
 i - a slice of pizza
 j - a meat ration


   Skills:
 + Level 4.2 Fighting
 * Level 5.5 Axes
 - Level 2.4 Dodging
 - Level 1.5 Stealth


You had 2 spell levels left.
You didn't know any spells.

Dungeon Overview and Level Annotations

Branches:
Dungeon (2/15)

Altars:
Okawaru

Annotations:
D:2 Robin


Innate Abilities, Weirdness & Mutations

You have sharp fingernails.
You are clumsy. (Dex -2)


Message History

You barely miss the goblin. You closely miss the goblin. You hit the goblin.
You kill the goblin!
You hit the leopard gecko.
You kill the leopard gecko!
The goblin misses you. The goblin closely misses you.
Robin throws the goblin at you!
You slash the goblin!
You kill the goblin!
You hit the rat.
You kill the rat!
You hit the goblin. You hit the dart slug. You hit the goblin.
You kill the goblin!
The dart slug misses you. The goblin closely misses you.
It was a potion of mutation.
You feel extremely strange.
Your fingernails lengthen.
You feel clumsy. The hobgoblin closely misses you.
Robin throws the goblin at you! The goblin misses you. The goblin hits you.
* * * LOW HITPOINT WARNING * * *
The goblin hits you with a club!
You die...

...............
...............#
...............#
...............#
...............#
...........()..#
......g........#
......)@g(.$...#
...$..wggg.....#
....)....))....#
...........)...#
...............#
.............$.#
...............#
.#######......##
#####.##


You could see Robin, a dart slug, a hobgoblin and 3 goblins.

Vanquished Creatures
  A worm (D:2)
  A dart slug (D:2)
  3 leopard geckos
  2 bats (D:2)
  A giant cockroach (D:1)
  9 goblins
  5 hobgoblins
  A quokka (D:2)
  4 frilled lizards (D:1)
  6 kobolds
  6 rats
39 creatures vanquished.

Notes
Turn   | Place    | Note
-------+----------+-------------------------------------------
     0 | D:1      | Ijustatesigmund the Hill Orc Monk began the quest for the Orb.
     0 | D:1      | Reached XP level 1. HP: 19/19 MP: 1/1
   382 | D:1      | Found an iron altar of Okawaru.
   395 | D:1      | Reached XP level 2. HP: 23/27 MP: 2/2
   781 | D:1      | Reached skill level 5 in Axes
   974 | D:2      | Reached XP level 3. HP: 31/33 MP: 3/3
  1155 | D:2      | Noticed Robin
  1164 | D:2      | Gained mutation: You have sharp fingernails. [potion of mutation]
  1164 | D:2      | Gained mutation: You are clumsy. (Dex -2) [potion of mutation]
  1164 | D:2      | Slain by a goblin

Vault maps used:
D:1:      minmay_arrival_arboretum_small, okawaru_ov_weapons_minmay
D:2:      first_bread, kennysheep_small_spiral, roderic_roman_lattice,
          wad_floor_pattern_2, minmay_pentomino_x4, uniq_robin

Skill      XL: |  1  2  3 |
---------------+----------+-----
Axes           | 5 |  5.5
Fighting       | 4 |  4.2
Dodging        | |  2.4
Stealth        | |  1.5

Action                   || total
-------------------------++-------
Melee: Hand axe          ||    97
  Use: Scroll            ||     3
       Potion            ||     1
 Stab: Sleeping          ||     3
  Eat: Chunk             ||     1
Armor: Robe              ||    14
Dodge: Dodged            ||    77
